 Dungeon Crawl Stone Soup version 0.24-a0-243-g8f5f5cd (webtiles) character file.

Game seed: 9552414139883211115

47694 MatthieuS the Transmogrifier (level 14, -3/111 HPs)
             Began as a Merfolk Transmuter on Apr 9, 2019.
             Was a High Priest of Kikubaaqudgha.
             Hit by a stone thrown by a skeletal warrior (12 damage)
             ... led by a skeletal warrior
             ... on level 12 of the Dungeon.
             The game lasted 01:38:38 (20914 turns).

MatthieuS the Transmogrifier (Merfolk Transmuter)  Turns: 20914, Time: 01:38:39

Health: -3/111     AC: 17    Str: 14    XL:     14   Next: 43%
Magic:  25/27      EV: 14    Int: 17    God:    Kikubaaqudgha [*****.]
Gold:   1002       SH:  0    Dex: 15    Spells: 10/32 levels left

rFire    . . .     SeeInvis .     - Unarmed
rCold    . . .     Gourm    .   (shield currently unavailable)
rNeg     + . .     Faith    .   K - +1 pearl dragon scales of the Insatiable Shrikes {+Fly rN+ Str+4}
rPois    .         Spirit   .   D - +2 helmet
rElec    .         Reflect  .   m - +2 cloak
rCorr    .         Harm     .   (gloves currently unavailable)
MR       ++...                  (no boots)
Stlth    +++.......             i - amulet of regeneration
HPRegen  0.68/turn              r - ring of wizardry
MPRegen  0.20/turn              l - ring of protection from magic

@: blade hands
A: change form in water, swift swim, stealthy swim
a: End Transformation, Receive Corpses, Torment, Renounce Religion, Evoke Flight


You were on level 12 of the Dungeon.
You worshipped Kikubaaqudgha.
Kikubaaqudgha was extremely pleased with you.
You were hungry.
You had blades for hands.
You visited 3 branches of the dungeon, and saw 20 of its levels.
You also visited: Bailey.

You collected 1197 gold pieces.
You spent 195 gold pieces at shops.

Inventory:

Missiles
 g - 43 arrows
 B - 5 throwing nets (quivered) {!f}
Armour
 m - a +2 cloak (worn)
   (You found it on level 2 of the Dungeon)
 D - a +2 helmet (worn)
   (You found it on level 8 of the Dungeon)
 H - a +0 buckler
   (You found it on level 5 of the Lair of Beasts)
 J - a +0 pair of gloves (melded)
   (You found it on level 6 of the Lair of Beasts)
 K - the +1 pearl dragon scales of the Insatiable Shrikes (worn) {+Fly rN+ Str+4}
   (You acquired it on level 4 of the Lair of Beasts)

   It affects your strength (+4).
   It protects you from negative energy.
   It lets you fly.
 L - a +1 troll leather armour {Snorg}
   (You found it on level 4 of the Lair of Beasts)
Jewellery
 i - an amulet of regeneration (around neck)
   (You took it off Blork the orc on level 5 of the Dungeon)
 l - a ring of protection from magic (right scythe-like blade)
   (You found it on level 10 of the Dungeon)
 n - an uncursed ring of magical power
   (You found it on level 4 of the Dungeon)
 o - an uncursed ring of flight
   (You found it on level 2 of the Dungeon)
 r - a ring of wizardry (left scythe-like blade)
   (You found it on level 3 of the Dungeon)
 v - an uncursed ring of wizardry
   (You found it on level 4 of the Dungeon)
 z - an uncursed ring of see invisible
   (You found it on level 6 of the Lair of Beasts)
 E - an uncursed amulet of magic regeneration
   (You found it on level 5 of the Lair of Beasts)
Wands
 d - a wand of iceblast (3)
   (You found it on level 1 of the Lair of Beasts)
 s - a wand of enslavement (19)
   (You found it on level 1 of the Lair of Beasts)
 u - a wand of paralysis (22)
   (You found it on level 3 of the Lair of Beasts)
 I - a wand of clouds (5)
   (You found it on level 10 of the Dungeon)
 M - a wand of random effects (46)
   (You found it on level 6 of the Lair of Beasts)
 N - a wand of scattershot (4)
   (You found it on level 11 of the Dungeon)
Scrolls
 b - 5 scrolls of teleportation {@r4}
 c - 4 scrolls of amnesia
 j - 9 scrolls of enchant weapon
 q - 11 scrolls of remove curse {@r2}
 y - 4 scrolls of immolation {!r}
 C - 2 scrolls of silence
 O - 3 scrolls of identify {@r1}
Potions
 a - 2 potions of might
 h - a potion of curing {@q1}
 k - 3 potions of brilliance
 p - 2 potions of agility
 t - a potion of haste {@q3}
 w - a potion of magic {unknown}
 x - 3 potions of heal wounds {unknown}
 A - 2 potions of cancellation {unknown}
 F - 2 potions of berserk rage {unknown}
 G - 4 potions of flight
Comestibles
 e - 28 rations
 f - 9 chunks of flesh


   Skills:
 + Level 10.8 Fighting
 - Level 10.5 Dodging
 + Level 11.8 Stealth
 - Level 2.0 Shields
 + Level 11.2 Unarmed Combat
 + Level 9.6 Spellcasting
 + Level 5.9 Necromancy
 + Level 13.1 Transmutations
 - Level 2.3 Ice Magic
 - Level 1.2 Poison Magic


You had 10 spell levels left.
You knew the following spells:

 Your Spells              Type           Power        Failure   Level  Hunger
a - Blade Hands           Tmut           ######....   16%         5    #####..
b - Sticks to Snakes      Tmut           ######..     4%          2    None
c - Ice Form              Ice/Tmut       ####....     32%         4    ###....
d - Corona                Hex            #......      52%         1    None
e - Apportation           Tloc           #.....       52%         1    None
f - Dispel Undead         Necr           ####....     77%         5    #####..
x - Spider Form           Tmut/Pois      ####......   19%         3    None
z - Animate Skeleton      Necr           N/A          13%         1    None

Your spell library contained the following spells:

 Spells                   Type           Power        Failure   Level  Hunger
 Beastly Appendage        Tmut           ######       4%          1    None
 Pain                     Necr           ####         13%         1    None
 Sublimation of Blood     Necr           ####......   16%         2    None
 Vampiric Draining        Necr           ####......   26%         3    None
 Animate Dead             Necr           N/A          50%         4    ###....
 Summon Butterflies       Summ           #.......     52%         1    None
 Ensorcelled Hibernation  Hex/Ice        ##....       52%         2    None
 Alistair's Intoxication  Tmut/Pois      ####....     65%         5    #####..
 Confuse                  Hex            #.......     82%         3    None
 Dazzling Spray           Conj/Hex       #.....       82%         3    None
 Lesser Beckoning         Tloc           #.........   82%         3    None
 Tukima's Dance           Hex            #.......     82%         3    None
 Bolt of Draining         Conj/Necr      ###.......   97%         5    #####..
 Excruciating Wounds      Chrm/Necr      ###.......   97%         5    #####..
 Invisibility             Hex            #.......     100%        6    ######.
 Simulacrum               Ice/Necr       ###.......   100%        6    ######.
 Haunt                    Necr/Summ      ###.......   100%        7    #######
 Borgnjor's Revivificati  Necr           ####......   100%        8    #######
 Death's Door             Chrm/Necr      ###.......   100%        8    #######
 Infestation              Necr           ####......   100%        8    #######
 Necromutation            Tmut/Necr      #####.....   100%        8    #######


Dungeon Overview and Level Annotations

Branches:
Dungeon (12/15)            Temple (0/1) D:5            Lair (6/6) D:8
  Swamp (0/4) Lair:2        Snake (0/4) Lair:4        Slime (0/5) Lair:6
    Orc (2/2) D:9
    Elf: Orc:2

Altars:
Ashenzari
Dithmenos
Kikubaaqudgha
Makhleb
Nemelex Xobeh
Ru
Sif Muna
Xom
Yredelemnul
The Shining One
Jiyva

Shops:
D:7 *   D:8 (   Orc:2 (*

Annotations:
Lair:3 2 transporters, MrDizzy's ghost, journeyman GnWz
Lair:5 exclusion: orange crystal statue


Message History

Your +0 pair of gloves unmelds from your body.
Really walk into that teleport trap?
You enter a teleport trap!
The teleport trap disappears.
Your surroundings suddenly seem different.
The skeletal warrior throws a stone.
The stone closely misses you.
Your hands turn into razor-sharp scythe blades.
Your +0 pair of gloves melds into your body.
You are feeling hungry.
The skeletal warrior throws a stone.
The stone hits you!
* * * LOW HITPOINT WARNING * * *
The orc shouts!
The skeletal warrior hits you with a +0 short sword!
* * * LOW HITPOINT WARNING * * *
You slash the skeletal warrior! You slash the skeletal warrior!
The skeletal warrior hits you with a +0 short sword.
* * * LOW HITPOINT WARNING * * *
The orc hits you with a +0 falchion.
* * * LOW HITPOINT WARNING * * *
You hit the skeletal warrior.
The skeletal warrior hits you but does no damage.
The orc barely misses you.
You barely miss the skeletal warrior.
The skeletal warrior hits you with a +0 battleaxe.
* * * LOW HITPOINT WARNING * * *
The skeletal warrior hits you with a +0 short sword!
* * * LOW HITPOINT WARNING * * *
You hit the skeletal warrior but do no damage.
The orc closely misses you.
The skeletal warrior hits you but does no damage.
The skeletal warrior misses you.
Okay, then.
You feel better. The orc hits you but does no damage.
The skeletal warrior hits you but does no damage.
The orc hits you with a +0 falchion.
* * * LOW HITPOINT WARNING * * *
The skeletal warrior throws a stone.
The stone hits you!
* * * LOW HITPOINT WARNING * * *
You see here a stone.
There is a stone staircase leading down here.
You see here a vampire mosquito corpse.
You feel better.
The skeletal warrior hits you but does no damage.
The skeletal warrior throws a stone.
The stone hits you!
* * * LOW HITPOINT WARNING * * *
You see here a stone.
The skeletal warrior throws a stone.
The stone hits you!
You die...
Kikubaaqudgha rasps: "You have failed me!
Welcome... death!"

### ### #####.##
####.### ..... ...#.).#
#.#....###.....
.......###.......#......
.(...........†.†........
..........>.............
.....(...(#..o))........
.......(..#.z...........
..............z(@....#
...........>.........#
..........##..###.......
..........=######..#....
....#......# ......#....
....##.....#........ ..
.[.#.#.....##.....##. #
..................#...
#...................


You could see 2 skeletal warriors and an orc.

Vanquished Creatures
  A stone giant (Orc:1)
  Snorg (Lair:4)
  Fannar (D:12)
  A hydra (Lair:3)
  Harold (D:9)
  A merfolk avatar (Lair:6)
  Erica (D:9)
  3 death yaks
  A two-headed ogre (D:10)
  An orc high priest (Orc:1)
  Urug (Lair:6)
  A skeletal warrior (D:10)
  A sea snake (Lair:6)
  An orc knight (Orc:1)
  A glowing orange brain (D:10)
  A harpy (Lair:6)
  A deep elf archer (Bailey)
  8 deep elf magi (Bailey)
  An orc sorcerer (Orc:1)
  A manticore (D:11)
  5 elephants (Lair:6)
  2 black mambas
  3 centaur skeletons
  A gargoyle (D:12)
  8 spiny frogs
  A freezing wraith (D:10)
  8 komodo dragons
  4 polar bears (Lair:6)
  2 trolls
  A hornet (Lair:5)
  A blink frog (Lair:5)
  6 dream sheep (Lair:6)
  8 hippogriffs
  A wyvern (Lair:6)
  28 yaks
  A basilisk (Lair:6)
  A wraith (D:12)
  3 hungry ghosts
  4 vampire mosquitoes (D:12)
  A warg (Orc:1)
  9 water moccasins
  2 porcupines
  2 phantoms
  4 ice beasts
  4 sky beasts
  An eye of draining (D:10)
  6 orc warriors
  6 ogres
  9 wolves
  4 centaurs
  10 crocodiles
  Blork the orc (D:5)
  A wyvern zombie (D:10)
  11 bullfrogs
  2 scorpions (D:8)
  3 howler monkeys
  5 crimson imps
  11 hounds
  A quasit (D:5)
  2 bullfrog zombies
  3 bullfrog skeletons
  4 orc priests
  Jessica (D:2)
  2 iguanas
  7 orc wizards
  7 worker ants
  A hound zombie (D:7)
  A hound skeleton (D:9)
  A worker ant zombie (D:10)
  A gnoll (D:8)
  13 adders
  3 oozes
  A worm (D:2)
  4 dart slugs
  8 leopard geckos
  17 orcs
  7 bats
  2 giant cockroaches (D:1)
  12 hobgoblins
  6 kobolds
  2 quokkas
  3 frilled lizards
  16 goblins
  A jackal zombie (D:5)
  A leopard gecko zombie (D:6)
  3 quokka zombies
  9 rats
  2 fungi
  2 plants (Lair:5)
352 creatures vanquished.

Vanquished Creatures (collateral kills)
  3 hydras
  3 death yaks (Lair:6)
  A sea snake (Lair:6)
  A deep elf mage (Bailey)
  A torpor snail (Lair:6)
  3 spiny frogs
  6 komodo dragons
  A rime drake (Lair:2)
  A merfolk (D:9)
  2 polar bears (Lair:6)
  2 hornets
  5 blink frogs
  A dream sheep (Lair:6)
  5 yaks
  A wyvern (Lair:6)
  2 basilisks (Lair:6)
  A warg (Orc:1)
  A naga (Lair:4)
  4 water moccasins
  6 porcupines
  An orc warrior (Orc:1)
  2 black bears
  2 ogres
  3 wolves
  5 crocodiles
  4 bullfrogs
  A scorpion (D:8)
  An electric eel (Lair:2)
  2 howler monkeys
  A crimson imp (D:6)
  A bullfrog zombie (D:12)
  3 orc priests
  A hound (D:7)
  7 orc wizards
  A centaur skeleton (D:7)
  An iguana (D:9)
  6 adders
  2 gnolls (D:8)
  An adder skeleton (D:7)
  2 leopard geckos
  13 orcs
  2 goblins (D:8)
  2 quokkas
  A kobold (D:8)
  9 fungi
  9 plants
133 creatures vanquished.

Vanquished Creatures (others)
  An orc wizard (D:7)
  16 fungi
  25 plants
42 creatures vanquished.

Grand Total: 527 creatures vanquished

Notes
Turn   | Place    | Note
-------+----------+-------------------------------------------
     0 | D:1      | MatthieuS the Merfolk Transmuter began the quest for the
                  | Orb.
     0 | D:1      | Reached XP level 1. HP: 15/15 MP: 3/3
    53 | D:1      | Reached skill level 3 in Transmutations
    56 | D:1      | Reached XP level 2. HP: 20/21 MP: 3/5
    64 | D:1      | Learned a level 2 spell: Sticks to Snakes
    79 | D:1      | Reached skill level 1 in Stealth
   562 | D:1      | Reached XP level 3. HP: 24/26 MP: 4/6
   988 | D:2      | Noticed Jessica
  1012 | D:2      | Killed Jessica
  1206 | D:2      | Reached XP level 4. HP: 31/32 MP: 6/8
  1502 | D:2      | Learned a level 3 spell: Spider Form
  1751 | D:2      | Reached skill level 4 in Transmutations
  1826 | D:2      | Found a runed translucent door.
  1827 | D:2      | Noticed Crazy Yiuf
  1850 | D:2      | Noticed Crazy Yiuf
  1850 | D:2      | Crazy Yiuf changed into Crazy Yiuf the worm
  1856 | D:2      | Killed Crazy Yiuf the worm
  2104 | D:2      | Found an ancient bone altar of Kikubaaqudgha.
  2106 | D:2      | Found a sparkling altar of Nemelex Xobeh.
  2473 | D:3      | Found a faded altar of an unknown god.
  2519 | D:3      | Reached skill level 1 in Poison Magic
  2660 | D:3      | Found a shadowy altar of Dithmenos.
  2853 | D:2      | Became a worshipper of Kikubaaqudgha
  3003 | D:3      | Found a basalt altar of Yredelemnul.
  3072 | D:3      | Found a sacrificial altar of Ru.
  3194 | D:3      | Reached XP level 5. HP: 29/37 MP: 9/9
  3481 | D:4      | Learned a level 4 spell: Ice Form
  3601 | D:4      | Noticed an orc warrior
  3678 | D:4      | an orc warrior changed into a hound
  4215 | D:4      | Noticed an ogre
  4242 | D:4      | Killed an ogre
  4242 | D:4      | Reached skill level 1 in Ice Magic
  4242 | D:4      | Reached XP level 6. HP: 44/44 MP: 0/10
  5117 | D:5      | Entered Level 5 of the Dungeon
  5152 | D:5      | Found a staircase to the Ecumenical Temple.
  5160 | D:5      | Noticed an ice beast
  5465 | D:5      | Reached skill level 5 in Transmutations
  5470 | D:5      | Noticed Blork the orc
  5482 | D:5      | Killed Blork the orc
  5482 | D:5      | Reached XP level 7. HP: 43/51 MP: 5/12
  5678 | D:5      | Reached * piety under Kikubaaqudgha
  5678 | D:5      | Identified Kikubaaqudgha's Volume of Sinister Arts
                  | (Kikubaaqudgha gifted it to you on level 5 of the Dungeon)
  5678 | D:5      | Received a gift from Kikubaaqudgha
  5683 | D:5      | Learned a level 1 spell: Animate Skeleton
  5999 | D:5      | Reached XP level 8. HP: 24/58 MP: 3/14
  6389 | D:6      | Reached skill level 6 in Transmutations
  6513 | D:6      | Reached skill level 5 in Unarmed Combat
  6672 | D:6      | Found a deep blue altar of Sif Muna.
  6675 | D:6      | Found a shattered altar of Ashenzari.
  6678 | D:6      | Found a glowing golden altar of the Shining One.
  6681 | D:6      | Found a shimmering altar of Xom.
  7056 | D:7      | Reached skill level 5 in Stealth
  7089 | D:7      | Learned a level 1 spell: Corona
  7092 | D:7      | Learned a level 2 spell: Ensorcelled Hibernation
  7260 | D:7      | Reached ** piety under Kikubaaqudgha
  7316 | D:7      | Reached skill level 5 in Dodging
  7316 | D:7      | Reached XP level 9. HP: 66/66 MP: 16/16
  7441 | D:7      | Reached skill level 5 in Spellcasting
  7496 | D:7      | Reached skill level 7 in Transmutations
  7637 | D:7      | Found Dadus's Assorted Antiques.
  7640 | D:7      | Bought a scroll labeled EMUODOATOG for 22 gold pieces
  7640 | D:7      | Bought a scroll of identify for 44 gold pieces
  7641 | D:7      | Bought a scroll labeled QADDEO NEUDUA for 22 gold pieces
  7641 | D:7      | Bought a scroll labeled VEVOD QURUCEKKARE for 22 gold
                  | pieces
  7641 | D:7      | Bought a viscous brown potion for 19 gold pieces
  7641 | D:7      | Bought a scroll of identify for 44 gold pieces
  7641 | D:7      | Bought a scroll labeled UMNOMN ANOASS for 22 gold pieces
  7681 | D:7      | Reached skill level 5 in Fighting
  7709 | D:7      | Found a burning altar of Makhleb.
  8150 | D:8      | Found Fialasmo's Weapon Emporium.
  8484 | D:8      | Reached *** piety under Kikubaaqudgha
  8484 | D:8      | Identified Kikubaaqudgha's Papyrus of Stolen Souls
                  | (Kikubaaqudgha gifted it to you on level 8 of the Dungeon)
  8484 | D:8      | Received a gift from Kikubaaqudgha
  8501 | D:8      | Learned a level 5 spell: Dispel Undead
  8968 | D:8      | Found a staircase to the Lair.
  9467 | D:9      | Reached skill level 1 in Necromancy
  9589 | D:9      | Noticed Erica
  9695 | D:9      | Killed Erica
  9695 | D:9      | Reached skill level 8 in Transmutations
  9695 | D:9      | Reached XP level 10. HP: 27/76 MP: 18/18
 10198 | D:9      | Found a staircase to the Orcish Mines.
 10380 | D:9      | Reached **** piety under Kikubaaqudgha
 10438 | D:9      | Noticed Harold
 10450 | D:9      | Killed Harold
 10892 | D:10     | Entered Level 10 of the Dungeon
 10952 | D:10     | Noticed a skeletal warrior
 11150 | Lair:1   | Entered Level 1 of the Lair of Beasts
 11424 | Lair:1   | Learned a level 5 spell: Blade Hands
 11438 | Lair:1   | Noticed a spiny frog
 11444 | Lair:1   | Killed a spiny frog
 11444 | Lair:1   | Reached skill level 9 in Transmutations
 11564 | Lair:1   | Reached XP level 11. HP: 73/84 MP: 20/20
 12422 | Lair:2   | Noticed a seven-headed hydra
 12587 | Lair:2   | Found a staircase to the Swamp.
 12824 | Lair:2   | Reached skill level 10 in Transmutations
 13012 | Lair:2   | Killed a seven-headed hydra
 13116 | Lair:3   | Reached ***** piety under Kikubaaqudgha
 13490 | Lair:3   | Reached XP level 12. HP: 45/93 MP: 23/23
 13617 | Lair:3   | Found a transporter.
 13618 | Lair:3   | Noticed a death yak
 13636 | Lair:3   | Noticed an eight-headed hydra
 13673 | Lair:3   | Killed an eight-headed hydra
 13735 | Lair:3   | Noticed a death yak
 13735 | Lair:3   | Noticed MrDizzy's ghost (journeyman GnWz)
 13772 | Lair:3   | Found a transporter.
 14107 | Lair:4   | Found a staircase to the Snake Pit.
 14262 | Lair:4   | You fall through a shaft for 2 floors!
 14262 | Lair:6   | Entered Level 6 of the Lair of Beasts
 14791 | Lair:5   | Reached skill level 10 in Dodging
 14854 | Lair:5   | Reached skill level 11 in Transmutations
 15717 | Lair:4   | Identified a scroll of acquirement
 15736 | Lair:4   | Got diamond-studded pearl dragon scales
 15747 | Lair:4   | Identified the +1 pearl dragon scales of the Insatiable
                  | Shrikes {+Fly rN+ Str+4} (You acquired it on level 4 of the
                  | Lair of Beasts)
 15795 | Lair:4   | Noticed Snorg
 15806 | Lair:4   | Killed Snorg
 16001 | Lair:6   | Reached skill level 10 in Stealth
 16013 | Lair:6   | Noticed an eight-headed hydra
 16015 | Lair:6   | Reached skill level 1 in Shields
 16263 | Lair:6   | Learned a level 1 spell: Apportation
 16441 | Lair:6   | Reached XP level 13. HP: 86/101 MP: 25/25
 16484 | Lair:6   | Noticed Urug
 16497 | Lair:6   | Killed Urug
 16606 | Lair:6   | Reached skill level 10 in Unarmed Combat
 17184 | Lair:6   | Reached skill level 12 in Transmutations
 17274 | Lair:6   | Found a staircase to the Slime Pits.
 17275 | Lair:6   | Found a viscous altar of Jiyva.
 17338 | Lair:6   | HP: 2/103 [death yak (18)]
 17512 | Lair:6   | Reached ****** piety under Kikubaaqudgha
 17512 | Lair:6   | Reached skill level 10 in Fighting
 17739 | Lair:6   | Reached skill level 5 in Necromancy
 18329 | Orc:1    | Entered Level 1 of the Orcish Mines
 18329 | Orc:1    | Noticed a stone giant
 18351 | Orc:1    | Killed a stone giant
 18439 | Orc:2    | Entered Level 2 of the Orcish Mines
 18439 | Orc:2    | Found Qegux Ysitt's Antique Weapon Boutique.
 18439 | Orc:2    | Found Xilues's General Store.
 18440 | Orc:2    | Noticed an orc warlord
 18976 | D:10     | Received a gift from Kikubaaqudgha
 19104 | D:10     | Reached XP level 14. HP: 106/111 MP: 22/27
 19891 | D:10     | Found the +8 storm bow {elec, penet}
 20060 | D:11     | Found a flagged portal.
 20069 | Bailey   | Entered a bailey
 20510 | D:11     | Reached skill level 13 in Transmutations
 20670 | D:12     | Noticed Fannar
 20682 | D:12     | Killed Fannar
 20906 | D:12     | HP: 3/111 [skeletal warrior/stone[a skeletal warrior] (13)]
 20914 | D:12     | Hit by a stone thrown by a skeletal warrior

Levels and vault maps discovered:
D:1:      ncdulo_watergridlock, layout_loops_ring, minmay_domino_4
D:2:      layout_loops_corners, nicolae_overflow_hidden_temple, first_ration,
          uniq_crazy_yiuf_cottage, uniq_jessica
D:3:      layout_basic, grunt_dithmenos_smoke_and_mirrors,
          nicolae_ru_the_path_less_chosen, yredelemnul_altar_generic,
          chequers_ecumenical_altar_island, kennysheep_pointless_box
D:4:      layout_basic
D:5:      layout_basic, minmay_temple_entry_slanted, uniq_blork_the_orc
D:6:      layout_rooms, grunt_temple_overflow_cloverleaf, minmay_misc_feat_roman
D:7:      layout_basic, lemuel_coloured_pillars_altar, serial_shops,
          nicolae_shop_behind_doors, serial_glass, glass_columns_c,
          glass_columns_c, glass_columns_a, glass_columns_c, glass_columns_c,
          glass_columns_a, minmay_a_box_with_orc_wizards_in_it
D:8:      corexii_shantytown, layout_basic, grunt_lair_entry_orc_guard_hut,
          serial_shops, nicolae_shop_trees
D:9:      layout_basic, orc_0_dummy, hangedman_fish_farm, uniq_harold,
          uniq_erica
D:10:     minmay_shrinking_squares, layout_long_grid
D:11:     layout_rooms, enter_bailey_8
D:12:     layout_cave_pools, roderic_st_hans_cross, uniq_fannar
Lair:1:   layout_roguey
Lair:2:   layout_loops_ring, swamp_mist, hibernation_bobbens, lemuel_fruit_tree,
          serial_bayou_shore_a, grunt_megastairs_4
Lair:3:   minmay_lair_venomous_thicket, layout_regular_city,
          gammafunk_ghost_berserking_beasts, minivault_19
Lair:4:   layout_misc_corridors, guppyfry_snake_entry_garden, uniq_snorg
Lair:5:   layout_cave_pods, disabler_island
Lair:6:   gammafunk_lair_ancient_temple, layout_gridlike, slime_altar_1,
          portal_ice_cave_entry_pillars_2, minivault_25, uniq_urug
Orc:1:    layout_caves
Orc:2:    grunt_orc_gardens, layout_diamond_mine, grunt_orc_garden,
          grunt_orc_garden, grunt_orc_garden, grunt_orc_garden,
          ebering_ghost_gozag
Bailey:   bailey_polearm_3, bailey

Skill      XL: |  1  2  3  4  5  6  7  8  9 10 11 12 13 14 |
---------------+-------------------------------------------+-----
Transmutations | 3 4 5 6 8 9 10 11 12 13 | 13.1
Stealth        | 1 2 3 4 5 7 9 10 11 | 11.8
Poison Magic   | 1 |  1.2
Spellcasting   | 3 4 5 6 7 8 9 |  9.6
Ice Magic      | 1 2 |  2.3
Fighting       | 2 3 4 6 7 8 9 10 | 10.8
Unarmed Combat | 4 5 6 7 8 9 10 11 | 11.2
Dodging        | 3 5 6 7 9 10 | 10.5
Necromancy     | 1 2 3 5 |  5.9
Shields        | 2 |  2.0

Action                   |  1- 3 |  4- 6 |  7- 9 | 10-12 | 13-15 || total
-------------------------+-------+-------+-------+-------+-------++-------
Melee: Unarmed           |    79 |   202 |   342 |   551 |   487 ||  1661
       Headbutt          |     5 |    22 |    30 |       |       ||    57
       Tailslap          |     1 |       |       |     3 |       ||     4
       Punch             |     2 |     3 |     4 |    14 |    16 ||    39
 Cast: Beastly Appendage |    13 |    32 |    22 |       |       ||    67
       Sticks to Snakes  |     3 |    32 |    69 |    32 |    17 ||   153
       Spider Form       |       |     5 |     2 |     1 |       ||     8
       Ice Form          |       |     1 |    13 |     5 |     3 ||    22
       Animate Skeleton  |       |       |    35 |    61 |    43 ||   139
       Corona            |       |       |     4 |       |     2 ||     6
       Ensorcelled Hiber |       |       |     3 |       |       ||     3
       Blade Hands       |       |       |       |    26 |    28 ||    54
       Dispel Undead     |       |       |       |       |     1 ||     1
Invok: Receive Necronomi |       |       |       |       |     1 ||     1
 Abil: End Transformatio |       |     1 |     7 |    16 |     6 ||    30
Evoke: Wand              |       |     5 |     6 |     8 |     1 ||    20
       Phantom mirror    |       |       |       |       |     1 ||     1
  Use: Scroll            |       |    10 |    10 |    12 |     5 ||    37
       Potion            |       |     3 |     4 |     6 |     5 ||    18
 Stab: Sleeping          |     2 |     4 |    10 |    15 |     1 ||    32
       Distracted        |       |     2 |     2 |     5 |     5 ||    14
  Eat: Chunk             |     1 |    11 |    10 |    17 |    13 ||    52
       Ration            |       |     2 |     2 |     5 |     3 ||    12
Armor: Robe              |    10 |    28 |    55 |    65 |       ||   158
       Skin              |       |     1 |    25 |     9 |     8 ||    43
       Pearl dragon scal |       |       |       |    22 |   182 ||   204
       Troll leather arm |       |       |       |       |    12 ||    12
Dodge: Dodged            |    52 |   159 |   226 |   369 |   395 ||  1201

Table legend:
 A = Non-vault XP
 B = Vault XP
 C = Vault XP percentage of total XP
 D = Non-vault monster count
 E = Vault monster count
 F = Vault count percentage of total count
                 A         B        C        D         E       F
            +---------+---------+-------+---------+---------+-------
      Total |   42329 |   25806 |  37.9 |     359 |     104 |  22.5
            +---------+---------+-------+---------+---------+-------
        D:1 |      27 |       7 |  20.6 |      12 |       4 |  25.0
        D:2 |      39 |      42 |  51.9 |      12 |       2 |  14.3
        D:3 |      51 |       0 |   0.0 |      23 |       0 |   0.0
        D:4 |     342 |       0 |   0.0 |      18 |       0 |   0.0
        D:5 |     683 |      86 |  11.2 |      21 |       1 |   4.5
        D:6 |     419 |       0 |   0.0 |      11 |       0 |   0.0
        D:7 |    1686 |     134 |   7.4 |      32 |       5 |  13.5
        D:8 |     229 |     543 |  70.3 |       9 |      31 |  77.5
        D:9 |    1126 |    2153 |  65.7 |      20 |       3 |  13.0
       D:10 |    2447 |    1840 |  42.9 |      17 |       3 |  15.0
       D:11 |    1925 |       0 |   0.0 |      11 |       0 |   0.0
       D:12 |    2734 |    1038 |  27.5 |      26 |       1 |   3.7
     Lair:1 |    4130 |       0 |   0.0 |      26 |       0 |   0.0
     Lair:2 |    3540 |     338 |   8.7 |      18 |       1 |   5.3
     Lair:3 |    3825 |     240 |   5.9 |      16 |       7 |  30.4
     Lair:4 |    1134 |    1196 |  51.3 |       8 |       2 |  20.0
     Lair:5 |    5613 |     609 |   9.8 |      30 |       2 |   6.2
     Lair:6 |   10627 |   10040 |  48.6 |      41 |      28 |  40.6
      Orc:1 |    1752 |    2060 |  54.0 |       8 |       4 |  33.3
     Bailey |       0 |    5480 | 100.0 |       0 |      10 | 100.0
            +---------+---------+-------+---------+---------+-------
